 Dungeon Crawl Stone Soup version 0.23.1-42-g8abd8fc (webtiles) character file.

Game seed: 514173660278321822

5857 Borgoz the Covered (level 10, -8/60 HPs)
             Began as a Gargoyle Gladiator on Mar 30, 2019.
             Was a Follower of Ashenzari.
             Killed from afar by an orc wizard (13 damage)
             ... with a puff of flame
             ... on level 9 of the Dungeon.
             The game lasted 00:23:06 (10225 turns).

Borgoz the Covered (Gargoyle Gladiator)            Turns: 10225, Time: 00:23:07

Health: -8/60      AC: 24    Str: 19    XL:     10   Next: 81%
Magic:  15/16      EV: 11    Int:  9    God:    Ashenzari [*.....]
Gold:   406        SH:  3    Dex: 16    Spells: 13/17 levels left

rFire    . . .     SeeInvis .   y - +1 rapier
rCold    . . .     Gourm    .   (no shield)
rNeg     + . .     Faith    .   x - +0 storm dragon scales
rPois    ∞         Spirit   .   i - +2 helmet
rElec    +         Reflect  +   (no cloak)
rCorr    .         Harm     .   (no gloves)
MR       .....                  (no boots)
Stlth    ..........             p - +3 amulet of reflection
HPRegen  0.20/turn              k - +3 ring of dexterity
MPRegen  0.15/turn              (no ring)

@: no status effects
A: negative energy resistance 1, electricity resistance, unbreathing,
petrification resistance, rot immunity, AC +7
a: Curse Item, Scrying, Renounce Religion


You were on level 9 of the Dungeon.
You worshipped Ashenzari.
Ashenzari was aware of your devotion.
You were not hungry.

You visited 2 branches of the dungeon, and saw 10 of its levels.

You collected 406 gold pieces.

Inventory:

Hand Weapons
 a - a +0 rapier
 b - a +1 dagger of holy wrath
 y - a +1 rapier (weapon)
 D - a +2 dagger of freezing
Missiles
 C - 6 tomahawks (quivered)
Armour
 i - a +2 helmet (worn)
 u - a +1 leather armour
 x - +0 storm dragon scales (worn)
Jewellery
 e - an uncursed amulet of the gourmand
 k - a +3 ring of dexterity (left hand)
 p - a +3 amulet of reflection (around neck)
Wands
 g - a wand of polymorph (8)
 r - a wand of random effects (16)
 E - a wand of flame (17)
Scrolls
 d - a scroll of enchant weapon
 h - 2 scrolls of amnesia
 m - a scroll of identify
 n - 2 scrolls of enchant armour
 t - 4 scrolls of remove curse
Potions
 j - 5 potions of lignification
 o - 2 potions of cancellation
Comestibles
 f - 16 rations


   Skills:
 + Level 5.9 Fighting
 * Level 7.3 Short Blades
 - Level 1.7 Throwing
 * Level 7.8 Armour
 * Level 6.5 Dodging
 + Level 5.7 Stealth
 + Level 4.0 Spellcasting
 + Level 4.0 Hexes


You had 13 spell levels left.
You knew the following spells:

 Your Spells              Type           Power        Failure   Level  Hunger
a - Confusing Touch       Hex            #.....       41%         1    #......
b - Confuse               Hex            #.......     80%         3    ###....

Your spell library contained the following spells:

 Spells                   Type           Power        Failure   Level  Hunger
 Flame Tongue             Conj/Fire      #....        94%         1    #......
 Inner Flame              Hex/Fire       #.......     97%         3    ###....
 Throw Flame              Conj/Fire      #.....       98%         2    ###....
 Conjure Flame            Conj/Fire      #.......     100%        3    ###....
 Gell's Gravitas          Tloc           #.........   100%        3    ###....
 Petrify                  Tmut/Erth      #.......     100%        4    #####..
 Sticky Flame             Conj/Fire      #.......     100%        4    #####..
 Bolt of Magma            Conj/Fire/Erth #.........   100%        5    ######.
 Fireball                 Conj/Fire      #.........   100%        5    ######.
 Iskenderun's Battlesphe  Conj/Chrm      #.......     100%        5    ######.
 Metabolic Englaciation   Hex/Ice        #.........   100%        5    ######.
 Venom Bolt               Conj/Pois      #.........   100%        5    ######.
 Yara's Violent Unravell  Hex/Tmut       #.........   100%        5    ######.
 Iron Shot                Conj/Erth      #.........   100%        6    #######
 Orb of Destruction       Conj           #.........   100%        7    #######
 Spellforged Servitor     Conj/Summ      #.........   100%        7    #######


Dungeon Overview and Level Annotations

Branches:
Dungeon (9/15)             Temple (1/1) D:4
   Lair: D:8-11         Orc: D:9-12

Altars:
Ashenzari
Cheibriados
Dithmenos
Elyvilon
Fedhas
Gozag
Hepliaklqana
Kikubaaqudgha
Makhleb
Nemelex Xobeh
Okawaru
Qazlal
Ru
Sif Muna
Trog
Uskayaw
Vehumet
Wu Jian
Xom
Yredelemnul
Zin
The Shining One


Innate Abilities, Weirdness & Mutations

You are resistant to torment.
Your stone body is resilient. (AC +7)
You are immune to poison.
You resist negative energy. (rN+)
You are resistant to electric shocks. (rElec)
You can survive without breathing.
You are immune to petrification.
You are immune to rotting.


Message History

You hit the cyclops.
The cyclops is almost dead.
The orc wizard completely misses you. The cyclops closely misses you.
You barely miss the cyclops.
The cyclops is almost dead.
The orc wizard hits you but does no damage.
You hit the cyclops.
The cyclops is almost dead.
The orc wizard hits you but does no damage.
The cyclops hits you!
* * * LOW HITPOINT WARNING * * *
You hit the cyclops.
You kill the cyclops!
Your Spellcasting skill increases to level 4!
Your Hexes skill increases to level 4!
The orc wizard hits you but does no damage.
The centaur shoots an arrow.
The arrow hits you but does no damage.
The orc wizard gestures at you while chanting.
The puff of flame hits you!
You die...

#####
#########...#####################
..........#(.((.@(c..............
...#.....###....Wo.##.....####...
...#....##.##...#..##.....# #...
...#.....#.#.......##.....# #...
....(.#.##.##.#....##.....# #...
.....####...####...##.....####...
....##)........##................
...## ###...######..........#####
..## # #.# #[##...#####.# #


You could see a phantom, a centaur and an orc wizard.

Vanquished Creatures
  A two-headed ogre (D:9)
  Pikel (D:6)
  A cyclops (D:9)
  A wyvern (D:9)
  Menkaure (D:4)
  2 phantoms
  3 sky beasts
  4 ice beasts
  5 ogres
  An orc warrior (D:8)
  5 centaurs
  5 bullfrogs
  A wyvern zombie (D:8)
  A water moccasin zombie (D:7)
  2 gnoll sergeants
  2 scorpions
  A killer bee (D:6)
  5 wights (D:9)
  3 howler monkeys
  2 crimson imps
  A centaur zombie (D:6)
  2 hounds
  3 jellies
  A centaur skeleton (D:8)
  5 orc priests
  A bullfrog skeleton (D:7)
  3 iguanas
  8 orc wizards
  10 worker ants
  A hound skeleton (D:4)
  2 howler monkey zombies
  11 gnolls
  9 adders
  4 shadow imps
  An ooze (D:2)
  An adder zombie (D:8)
  An adder skeleton (D:7)
  5 worms
  4 dart slugs
  5 leopard geckos
  35 orcs
  18 bats
  10 giant cockroaches
  10 goblins
  8 hobgoblins
  4 jackals (D:2)
  5 quokkas
  4 ball pythons
  3 frilled lizards
  6 kobolds
  2 leopard gecko zombies
  11 rats
241 creatures vanquished.

Vanquished Creatures (others)
  A worker ant zombie (D:6)
1 creature vanquished.

Grand Total: 242 creatures vanquished

Notes
Turn   | Place    | Note
-------+----------+-------------------------------------------
     0 | D:1      | Borgoz the Gargoyle Gladiator began the quest for the Orb.
     0 | D:1      | Reached XP level 1. HP: 12/12 MP: 1/1
    22 | D:1      | Reached XP level 2. HP: 15/17 MP: 2/2
   200 | D:1      | Reached skill level 1 in Armour
   585 | D:1      | Reached XP level 3. HP: 22/22 MP: 3/3
  1059 | D:2      | Reached skill level 1 in Stealth
  1059 | D:2      | Reached XP level 4. HP: 27/27 MP: 4/4
  1599 | D:3      | You fall through a shaft for 3 floors!
  1663 | D:6      | Noticed an ice beast
  1671 | D:6      | Killed an ice beast
  1671 | D:6      | Reached XP level 5. HP: 19/32 MP: 5/5
  1796 | D:5      | Entered Level 5 of the Dungeon
  1859 | D:5      | Reached XP level 6. HP: 31/37 MP: 6/6
  1991 | D:4      | Learned a level 1 spell: Confusing Touch
  1995 | D:4      | Learned a level 3 spell: Confuse
  2000 | D:4      | Found an opulent altar of Gozag.
  2114 | D:4      | Noticed a phantom
  2163 | D:4      | Found a staircase to the Ecumenical Temple.
  2179 | Temple   | Entered the Ecumenical Temple
  2550 | Temple   | Became a worshipper of Ashenzari the Shackled
  2663 | D:4      | Killed a phantom
  2663 | D:4      | Reached XP level 7. HP: 27/41 MP: 7/7
  3711 | D:4      | Reached skill level 1 in Spellcasting
  3711 | D:4      | Reached skill level 1 in Hexes
  3851 | D:4      | Noticed Menkaure
  3861 | D:4      | Killed Menkaure
  4089 | D:5      | Found a blossoming altar of Fedhas.
  4195 | D:5      | Reached XP level 8. HP: 42/48 MP: 10/10
  4570 | D:6      | Reached skill level 5 in Short Blades
  5160 | D:6      | Reached skill level 5 in Armour
  5635 | D:6      | Noticed Pikel
  5697 | D:6      | Killed Pikel
  5697 | D:6      | Reached skill level 5 in Dodging
  5697 | D:6      | Reached XP level 9. HP: 47/52 MP: 12/12
  6887 | D:8      | Reached skill level 5 in Fighting
  6945 | D:8      | Reached * piety under Ashenzari
  7601 | D:8      | Reached XP level 10. HP: 31/59 MP: 13/15
  7675 | D:8      | Reached skill level 5 in Stealth
  9137 | D:9      | Noticed a two-headed ogre
  9165 | D:9      | Killed a two-headed ogre
  9695 | D:9      | Noticed a cyclops
 10225 | D:9      | Killed a cyclops
 10225 | D:9      | Killed from afar by an orc wizard

Skill      XL: |  1  2  3  4  5  6  7  8  9 10 |
---------------+-------------------------------+-----
Armour         | 1 2 3 4 5 6 7 |  7.8
Short Blades   | 3 4 5 6 7 |  7.3
Stealth        | 1 2 3 4 5 |  5.7
Dodging        | 3 4 5 6 |  6.5
Fighting       | 3 4 5 |  5.9
Spellcasting   | 1 2 3 4 |  4.0
Hexes          | 1 2 3 4 |  4.0
Throwing       | |  1.7

Action                   |  1- 3 |  4- 6 |  7- 9 | 10-12 || total
-------------------------+-------+-------+-------+-------++-------
Melee: Rapier            |   117 |   239 |   612 |   410 ||  1378
       Unarmed           |       |       |     8 |       ||     8
       Dagger            |       |       |       |    25 ||    25
Throw: Throwing net      |       |     1 |     5 |     2 ||     8
 Cast: Confusing Touch   |       |       |     5 |       ||     5
Evoke: Wand              |       |       |     4 |     2 ||     6
  Use: Scroll            |       |     7 |     3 |    11 ||    21
       Potion            |       |       |     1 |     9 ||    10
 Stab: Sleeping          |     1 |     2 |     6 |       ||     9
       Held in net/web   |       |     2 |     5 |       ||     7
       Confused          |       |       |     4 |       ||     4
  Eat: Chunk             |     1 |     4 |    18 |     5 ||    28
       Ration            |       |       |       |     1 ||     1
Armor: Leather armour    |    55 |    80 |    54 |       ||   189
       Skin              |       |       |     1 |       ||     1
       Storm dragon scal |       |       |   306 |   259 ||   565
Dodge: Dodged            |    72 |   125 |   314 |   280 ||   791
Block: Other             |       |    17 |    87 |    43 ||   147
       Reflection        |       |       |     1 |     2 ||     3
